Taz, chaotic female elven Wizard ---------------- |...|..|>|(--..| |.|.|0......0..--- |.|....--##--.0..--- |...|..|..<.|..00..| --0-|.-|^##^|......| |.||.|-^^^^--.--.-- |.##.#}^^^^}#.##.| |.||.|--^^--|.||.| --.--.--|^^| |.||.| |......||.%|--0--0-- |..000.-|.^|-......| |.0..0..|..|.g---..| -----.......0@.....| |.|....|..|...-- --------------- Taz the Thaumaturge Experience level: 8 Strength: 11 Dexterity: 17 Constitution: 15 Intelligence: 20 Wisdom: 12 Charisma: 8 Health: 0(43) Energy: 91(99) AC: 6 Gold: 0 Moves: 6091 Your Inventory: Weapons o - a [blessed +0] crude dagger [orcish] (in quiver) B - 3 [uncursed] +0 crude daggers [orcish] P - 2 [uncursed +0] daggers (wielded) Armor b - an uncursed +0 cloak of magic resistance (being worn) z - an [uncursed] +0 pair of hard shoes [iron] (being worn) S - an [uncursed] +0 iron skull cap [orcish helm] (being worn) Comestibles s - an [uncursed] candy bar u - 4 [uncursed] food rations T - an [uncursed] lizard corpse Scrolls h - an uncursed scroll of destroy armor j - an uncursed scroll of genocide t - an [uncursed] scroll called earth [of earth] v - a [cursed] scroll called earth [of earth] Potions f - an uncursed potion of invisibility Wands q - an [uncursed] wand of fire [0:8] K - an [uncursed] wand called no effect [of undead turning (0:4)] Tools d - an [uncursed +0] pick-axe g - an [uncursed tooled] horn w - an [uncursed] magic whistle Spells known in the end: Name Level Category Fail Memory a - force bolt 1 attack 3% [||||||..] b - slow monster 2 enchantment 3% [||||||..] Your skills at the end: Fighting Skills Weapon Skills dagger [Basic / Expert] quarterstaff [Basic / Expert] Spellcasting Skills attack spells [Basic / Expert] enchantment spells [Basic / Skilled] Final Attributes: You were piously aligned. Hunger level was 225. Your alignment was 39 / 40. Monster difficulty range was 1 - 8. Level difficulty was 9. You were immune to sleep. You were magic-protected. You saw invisible. You were telepathic. You had infravision. Your luck was zero. You are dead. Vanquished creatures: a small mimic a wood golem 2 flaming spheres 2 large cats a python an ettin zombie a quivering blob 3 wolves 3 winter wolf cubs a leprechaun a dwarf mummy a gold golem 2 lizards a housecat a dust vortex a snake 4 soldier ants 4 snow ants a bugbear a Mordor orc an orc shaman a rock piercer a rock mole a shrieker 2 violet fungi a gnomish wizard a kobold mummy 3 elf zombies a ghoul a giant ant 3 floating eyes 2 dwarves a kobold lord 9 hill orcs 6 rothes a rabid rat 3 giant bats a monkey a dwarf zombie a wererat a werejackal 9 iguanas 8 killer bees an acid blob 3 coyotes a hobbit a large kobold 2 hobgoblins 17 giant rats a yellow mold 2 gnome zombies 4 geckos 10 jackals a fox 2 kobolds 3 goblins 6 sewer rats 7 grid bugs 5 lichens 6 kobold zombies 4 newts 168 creatures vanquished. Voluntary challenges: You used a wielded weapon 70 times. You read items or engraved 779 times. You put on armor 8 times. You never genocided any monsters. You never polymorphed an object. You never changed form. You used no wishes. You wrote Elbereth's name 484 times. You never encountered a bones level. You never used any Sokoban shortcuts. Dungeon overview: The Dungeons of Doom: levels 1 to 11 Level 1 a long staircase Level 2 a general store, a fountain a long staircase Level 3 a fountain Level 4 a fountain Level 5 a delicatessen Level 7 a sink Level 8 a fountain, a sink Level 9 many fountains Level 10 stairs to Sokoban Sokoban: Level 9 <- You were here a magic chest stairs to The Dungeons of Doom History has recorded: On T:1 you entered the Dungeons of Doom to retrieve the Amulet of Yendor! On T:20 you reached level 2 of The Dungeons of Doom. On T:452 you reached level 3 of The Dungeons of Doom. On T:1197 you reached level 4 of The Dungeons of Doom. On T:1725 you reached level 5 of The Dungeons of Doom. On T:1947 you advanced to experience level 2. On T:2340 you reached level 6 of The Dungeons of Doom. On T:2622 you reached level 7 of The Dungeons of Doom. On T:2915 you reached level 8 of The Dungeons of Doom. On T:3174 you advanced to experience level 3. On T:3203 you advanced to experience level 4. On T:3796 you reached level 9 of The Dungeons of Doom. On T:3931 you advanced to experience level 5. On T:4050 you advanced to experience level 6. On T:4231 you advanced to experience level 7. On T:5018 you reached level 10 of The Dungeons of Doom. On T:5050 you reached level 11 of The Dungeons of Doom. On T:5191 you advanced to experience level 8. On T:5192 you reached level 3 of Sokoban. Latest messages: [HP+1=34] [HP+1=35] With great effort you move the boulder. [HP+1=36] You write "Elbereth" with your fingers into the dust. The gargoyle turns to flee! With great effort you move the boulder. The boulder fills a pit. [HP+1=37] Something is written here in the dust. You read: "Elbe?eth". [HP+1=38] [HP+1=39] With great effort you move the boulder. [HP+1=40] The gargoyle hits! (2x) The gargoyle bites! [HP-24=16] You write "Elbereth" with your fingers into the dust. The gargoyle hits! (2x) The gargoyle bites! You die... Final status: Goodbye Taz the Wizard... You died in Sokoban on dungeon level 9 with 5188 points, and 0 pieces of gold, after 6091 moves. You were level 8 with a maximum of 43 hit points when you died.